 Dungeon Crawl Stone Soup version 0.23-a0-356-g1757c6e039 (webtiles) character file.

54756 Banto the Spear-Bearer (level 14, -3/117 HPs)
             Began as a Demonspawn Gladiator on Oct 22, 2018.
             Was the Champion of Okawaru.
             Slain by an ogre mage
             ... wielding a cursed +0 halberd
              (6 damage)
             ... on level 1 of the Orcish Mines.
             The game lasted 00:38:56 (19541 turns).

Banto the Spear-Bearer (Demonspawn Gladiator)      Turns: 19541, Time: 00:38:57

Health: -3/117     AC: 20    Str: 16    XL:     14   Next: 35%
Magic:  0/20       EV: 15    Int: 16    God:    Okawaru [******]
Gold:   1740       SH:  5    Dex: 15    Spells: 12/13 levels left

rFire    . . .     SeeInvis +   S - +3 trident (pierce)
rCold    + . .     Gourm    .   a - +0 buckler
rNeg     + . .     Faith    .   I - +3 scale mail {rC+}
rPois    .         Spirit   +   R - +1 helmet
rElec    .         Reflect  .   j - +1 cloak {MR+}
rCorr    .         Harm     .   L - +0 pair of gloves of the Moon {Regen+}
MR       ++...                  (boots unavailable)
Stlth    ..........             p - amulet of regeneration
HPRegen  1.09/turn              P - ring of see invisible
MPRegen  0.34/turn              M - ring of Arphialae {rN+ Int+3}

@: no status effects
A: talons 3, rugged brown scales 3, powered by death 1, magic shield, magic
regeneration, magic link
a: Heroism, Finesse, Renounce Religion


You were on level 1 of the Orcish Mines.
You worshipped Okawaru.
Okawaru was exalted by your worship.
You were not hungry.

You visited 5 branches of the dungeon, and saw 22 of its levels.
You also visited: Bailey and Ice Cave.

You collected 1740 gold pieces.

Inventory:

Hand Weapons
 D - a +0 glaive of flaming
 S - a +3 trident of piercing (weapon)
Missiles
 d - 9 throwing nets (quivered)
Armour
 a - a +0 buckler (worn)
 j - a +1 cloak of magic resistance (worn)
 I - a +3 scale mail of cold resistance (worn)
 L - the +0 pair of gloves of the Moon (worn) {Regen+}
   (Okawaru gifted it to you on level 2 of the Lair of Beasts)

   It increases your rate of regeneration.
 R - a +1 helmet (worn)
 Y - the +2 shield of Hadjma {rPois Int+7 Dex-5 Slay+2, unknown}
   (Okawaru gifted it to you on level 6 of the Lair of Beasts)

   It affects your intelligence (+7).
   It affects your dexterity (-5).
   It affects your accuracy and damage with ranged weapons and melee attacks
   (+2).
   It protects you from poison.
Jewellery
 p - an amulet of regeneration (around neck)
 v - an uncursed ring of resist corrosion
 C - an uncursed amulet of faith {unknown}
 M - the ring of Arphialae (right hand) {rN+ Int+3}
   (You found it on level 4 of the Lair of Beasts)

   [ring of positive energy]

   It affects your intelligence (+3).
   It protects you from negative energy.
 P - a ring of see invisible (left hand)
 V - an uncursed amulet of rage
Wands
 c - a wand of flame (34)
 y - a wand of paralysis (9)
 z - a wand of clouds (3)
 G - a wand of acid (7)
 J - a wand of iceblast (14)
 U - a wand of enslavement (6)
Scrolls
 h - 2 scrolls of blinking
 i - 2 scrolls of fear
 n - 4 scrolls of enchant armour
 o - 12 scrolls of teleportation
 r - a scroll of magic mapping
 t - 9 scrolls of remove curse
 A - a scroll of noise {unknown}
 E - 4 scrolls of identify
 K - 2 scrolls of amnesia
 N - a scroll of summoning {unknown}
 Q - a scroll of vulnerability {unknown}
 T - a scroll of torment {unknown}
 W - a scroll of enchant weapon
Potions
 b - 3 potions of lignification
 e - 2 potions of magic
 g - 2 potions of cancellation
 k - 19 potions of curing
 l - 3 potions of brilliance
 m - 3 potions of haste
 q - a potion of agility
 s - 5 potions of mutation
 u - 3 potions of heal wounds
 x - 3 potions of ambrosia
 B - 2 potions of invisibility
 F - a potion of flight
 O - a potion of resistance
 X - 2 potions of might
Miscellaneous
 H - a lightning rod (4/4)
 Z - a phial of floods
Comestibles
 f - 32 rations


   Skills:
 + Level 10.2 Fighting
 - Level 14.0 Polearms
 - Level 1.7 Throwing
 + Level 9.1 Armour
 + Level 9.9 Dodging
 - Level 4.0 Shields
 - Level 8.0 Necromancy
 - Level 9.0 Invocations


You had 12 spell levels left.
You knew the following spells:

 Your Spells              Type           Power        Failure   Level  Hunger
a - Animate Skeleton      Necr           N/A          2%          1    ##.....

Your spell library contained the following spells:

 Spells                   Type           Power        Failure   Level  Hunger
 Sting                    Conj/Pois      #...         58%         1    ##.....
 Ensorcelled Hibernation  Hex/Ice        #.....       73%         2    ###....
 Poisonous Vapours        Pois/Air       #.....       73%         2    ###....
 Slow                     Hex            #.......     73%         2    ###....
 Throw Frost              Conj/Ice       #.....       73%         2    ###....
 Mephitic Cloud           Conj/Pois/Air  #.......     91%         3    ####...
 Ozocubu's Armour         Chrm/Ice       #.......     91%         3    ####...
 Recall                   Summ/Tloc      N/A          91%         3    ####...
 Olgreb's Toxic Radiance  Pois           #.......     100%        4    #####..
 Aura of Abjuration       Summ           #.........   100%        5    ######.
 Summon Demon             Summ           #.........   100%        5    ######.
 Summon Forest            Summ/Tloc      #.........   100%        5    ######.
 Summon Mana Viper        Hex/Summ       #.......     100%        5    ######.
 Venom Bolt               Conj/Pois      #.........   100%        5    ######.
 Shadow Creatures         Summ           N/A          100%        6    #######


Dungeon Overview and Level Annotations

Branches:
Dungeon (13/15)            Temple (1/1) D:5            Lair (6/6) D:10
  Swamp (0/4) Lair:2        Snake (1/4) Lair:4        Slime (0/5) Lair:5
    Orc (1/2) D:11
 Vaults: D:13-14

Altars:
Ashenzari
Dithmenos
Elyvilon
Fedhas
Gozag
Hepliaklqana
Kikubaaqudgha
Makhleb
Nemelex Xobeh
Okawaru
Qazlal
Sif Muna
Uskayaw
Vehumet
Wu Jian
Xom
Yredelemnul
Zin
The Shining One
Jiyva
Lugonu

Shops:
D:4 [

Annotations:
D:8 exclusion: 2 doors


Innate Abilities, Weirdness & Mutations

You have claws for feet.
You are completely covered in rugged brown scales. (AC +3, +7% HP)
You regenerate a little health from kills.
When hurt, damage is shared between your health and your magic reserves.
You regenerate magic rapidly.
When low on magic, you restore magic in place of health.


Message History

The ogre mage hits you from afar with a cursed +0 halberd.
* * * LOW HITPOINT WARNING * * *
You take 4 damage, and have 31/117 hp.
You now have 8/20 mp.
You block the ogre mage's attack.
The orc no longer looks unusually strong.
The orc wizard looks encouraged for a moment.
The two-headed ogre closely misses you. The two-headed ogre barely misses you.
The ogre mage barely misses you.
The two-headed ogre hits you with a +0 giant club!!
* * * LOW HITPOINT WARNING * * *
The two-headed ogre misses you.
The two-headed ogre hits you with a +0 giant club!
* * * LOW HITPOINT WARNING * * *
The two-headed ogre misses you.
There is a staircase back to the Dungeon, spattered with blood here.
You take 30 damage, and have 3/117 hp.
MASSIVE DAMAGE!!
You now have 0/20 mp.
The orc wizard casts a spell.
The orc wizard flickers and vanishes for a moment.
The ogre mage hits you with a cursed +0 halberd!
You die...

##..... #.......#
###.......#
#.#.......
###......... ..
##........# .....
#.....O..# .....
#.o@OO.####O....
#.OOO...#.....$.
##ooOg.O........
#.ooo........#
##..o.......##
##go........# .
##g.......###
...#.go..$.....#
........).)......#


You could see an orc knight, 4 two-headed ogres, an ogre mage, an orc warrior, 3
ogres, a gnoll sergeant, 3 orc priests, an orc wizard (invisible), 3 gnolls and
3 orcs.

Vanquished Creatures
  Snorg (D:12)
  3 hydras
  A merfolk avatar (Lair:6)
  Harold (Lair:2)
  2 centaur warriors (D:13)
  A catoblepas (Lair:6)
  3 two-headed ogres
  A tengu warrior (D:11)
  A death yak (Lair:6)
  Urug (D:10)
  2 sea snakes (Lair:6)
  An unseen horror (D:12)
  A necromancer (IceCv)
  A cyclops (D:11)
  3 ugly things (D:12)
  14 elephants
  2 ice statues (IceCv)
  2 manticores (D:11)
  4 black mambas
  A guardian serpent (Lair:4)
  11 spiny frogs
  A gargoyle (D:11)
  9 rime drakes
  8 ice devils (IceCv)
  10 komodo dragons
  An efreet (D:11)
  A troll (Orc:1)
  3 hornets
  A meliai (shapeshifter) (D:11)
  9 blink frogs
  4 dream sheep
  4 hippogriffs
  15 yaks
  A tarantella (shapeshifter) (D:13)
  4 wyverns
  Grum (Lair:1)
  2 basilisks
  A hungry ghost (D:11)
  14 water moccasins
  8 porcupines
  7 orc warriors
  A phantom (D:5)
  2 sky beasts
  12 wolves
  10 ice beasts
  3 ogres (D:8)
  3 black bears
  A necrophage (D:10)
  9 crocodiles
  2 big kobolds (D:8)
  16 bullfrogs
  4 gnoll sergeants (Bailey)
  A wyvern skeleton (D:12)
  6 scorpions
  4 killer bees
  12 wights
  3 electric eels (Lair:2)
  A howler monkey (D:6)
  3 crimson imps
  2 draconian simulacra (IceCv)
  8 hounds
  3 jellies (D:2)
  4 centaur skeletons
  4 orc priests
  4 bullfrog skeletons
  5 gnoll shamans (Bailey)
  2 iguanas
  Natasha (thrice) (D:3)
  11 orc wizards
  A troll simulacrum (IceCv)
  5 worker ants
  A centaur simulacrum (IceCv)
  A hound zombie (D:10)
  A howler monkey zombie (D:7)
  2 worker ant zombies
  10 gnolls (Bailey)
  3 ogre simulacra (IceCv)
  17 adders
  3 naga simulacra (IceCv)
  5 shadow imps
  9 oozes
  4 adder skeletons
  4 worms
  A dart slug (D:2)
  2 leopard geckos
  59 orcs
  3 ball pythons
  10 bats
  7 giant cockroaches
  15 goblins
  10 hobgoblins
  9 jackals
  7 quokkas
  4 frilled lizards (D:2)
  A giant cockroach zombie (D:6)
  21 kobolds
  11 rats
526 creatures vanquished.

Vanquished Creatures (collateral kills)
  A dire elephant (Lair:6)
  A hydra (Lair:5)
  3 death yaks (Lair:6)
  A sea snake (Lair:6)
  A harpy (Lair:6)
  4 oklob plants (Lair:4)
  2 elephants
  A spiny frog (Lair:2)
  2 komodo dragons
  2 dream sheep (Lair:6)
  A hippogriff (Lair:6)
  2 yaks (D:12)
  A porcupine (Lair:2)
  2 water moccasins
  An orc warrior (D:12)
  A crocodile (Lair:3)
  4 gnoll sergeants (Bailey)
  4 wights
  A gnoll shaman (Bailey)
  4 gnolls (Bailey)
  2 fungi
  2 plants
43 creatures vanquished.

Vanquished Creatures (others)
  17 fungi
  7 plants
  6 toadstools (D:2)
30 creatures vanquished.

Grand Total: 599 creatures vanquished

Notes
Turn   | Place    | Note
-------+----------+-------------------------------------------
     0 | D:1      | Banto the Demonspawn Gladiator began the quest for the Orb.
     0 | D:1      | Reached XP level 1. HP: 16/16 MP: 1/1
    48 | D:1      | Reached skill level 3 in Polearms
    74 | D:1      | Gained mutation: You are partially covered in rugged brown
                  | scales. (AC +1, +3% HP) [demonic ancestry]
    74 | D:1      | Reached XP level 2. HP: 14/22 MP: 2/2
   410 | D:1      | Gained mutation: When hurt, damage is shared between your
                  | health and your magic reserves. [demonic ancestry]
   410 | D:1      | Reached XP level 3. HP: 21/27 MP: 3/3
   719 | D:1      | Reached skill level 4 in Polearms
  1026 | D:2      | Gained mutation: You regenerate a little health from kills.
                  | [demonic ancestry]
  1026 | D:2      | Reached XP level 4. HP: 25/33 MP: 2/4
  1266 | D:2      | Found a shimmering altar of Xom.
  1625 | D:2      | Reached skill level 5 in Polearms
  1632 | D:2      | Found a sparkling altar of Nemelex Xobeh.
  1798 | D:2      | Gained mutation: You are mostly covered in rugged brown
                  | scales. (AC +2, +5% HP) [demonic ancestry]
  1798 | D:2      | Reached XP level 5. HP: 33/39 MP: 5/5
  1854 | D:2      | Reached skill level 6 in Polearms
  2161 | D:3      | Reached XP level 6. HP: 44/46 MP: 6/6
  2227 | D:3      | Found a radiant altar of Vehumet.
  2231 | D:3      | Found an ancient bone altar of Kikubaaqudgha.
  2232 | D:3      | Found a deep blue altar of Sif Muna.
  2243 | D:3      | Identified Kikubaaqudgha's Compendium of Stolen Souls
  2257 | D:3      | Learned a level 1 spell: Animate Skeleton
  2312 | D:3      | Noticed Natasha
  2337 | D:3      | Killed Natasha
  2366 | D:3      | Noticed Natasha
  2388 | D:3      | Killed Natasha
  2570 | D:3      | Noticed Natasha
  2585 | D:3      | Killed Natasha
  2833 | D:3      | Found a shadowy altar of Dithmenos.
  3053 | D:4      | Reached skill level 7 in Polearms
  3098 | D:4      | Found a sparkling altar of Nemelex Xobeh.
  3231 | D:4      | Reached XP level 7. HP: 38/52 MP: 4/7
  3287 | D:4      | Found Such's Armour Emporium.
  3668 | D:4      | Reached skill level 8 in Polearms
  4041 | D:5      | Entered Level 5 of the Dungeon
  4438 | D:5      | Reached skill level 9 in Polearms
  4438 | D:5      | Gained mutation: You have sharp toenails. [demonic
                  | ancestry]
  4438 | D:5      | Reached XP level 8. HP: 58/58 MP: 8/8
  4458 | D:5      | Found a shattered altar of Ashenzari.
  4832 | D:5      | Found a staircase to the Ecumenical Temple.
  4996 | Temple   | Entered the Ecumenical Temple
  5036 | Temple   | Became a worshipper of Warmaster Okawaru
  5411 | D:6      | Found a hide-covered altar of Uskayaw.
  5632 | D:6      | Reached skill level 10 in Polearms
  6128 | D:7      | Found a basalt altar of Yredelemnul.
  6133 | D:7      | Found a glowing golden altar of the Shining One.
  6135 | D:7      | Noticed an angel
  6187 | D:7      | Found a burning altar of Makhleb.
  6190 | D:7      | Found a glowing silver altar of Zin.
  6190 | D:7      | Noticed an angel
  6191 | D:7      | Noticed a cacodemon
  6500 | D:8      | Reached * piety under Okawaru
  6539 | D:8      | Found a glowing silver altar of Zin.
  6597 | D:8      | Reached skill level 11 in Polearms
  6597 | D:8      | Gained mutation: You have razor-sharp toenails. [demonic
                  | ancestry]
  6597 | D:8      | Reached XP level 9. HP: 59/64 MP: 7/9
  6980 | D:8      | Reached ** piety under Okawaru
  6980 | D:8      | Reached skill level 12 in Polearms
  7388 | D:9      | Found a blossoming altar of Fedhas.
  7979 | D:10     | Entered Level 10 of the Dungeon
  8146 | D:10     | Found a staircase to the Lair.
  8161 | D:10     | Reached skill level 13 in Polearms
  8175 | D:10     | Gained mutation: You are completely covered in rugged brown
                  | scales. (AC +3, +7% HP) [demonic ancestry]
  8175 | D:10     | Reached XP level 10. HP: 55/71 MP: 10/10
  8377 | D:10     | Noticed Urug
  8457 | D:10     | Killed Urug
  8457 | D:10     | Reached *** piety under Okawaru
  8787 | D:11     | Noticed a two-headed ogre
  8788 | D:11     | Found a flagged portal.
  8806 | D:11     | Killed a two-headed ogre
  8806 | D:11     | Reached **** piety under Okawaru
  8806 | D:11     | Reached skill level 14 in Polearms
  8818 | D:11     | Noticed a two-headed ogre
  8826 | D:11     | Killed a two-headed ogre
  8884 | Bailey   | Entered a bailey
  9637 | D:11     | Noticed a gargoyle
  9659 | D:11     | Killed a gargoyle
  9659 | D:11     | Reached ***** piety under Okawaru
  9659 | D:11     | Reached skill level 5 in Invocations
  9718 | D:11     | Received a gift from Okawaru
  9842 | D:11     | Noticed a tengu warrior
  9872 | D:11     | Noticed a manticore
  9959 | D:11     | Reached skill level 5 in Necromancy
  9959 | D:11     | Gained mutation: You have claws for feet. [demonic
                  | ancestry]
  9959 | D:11     | Reached XP level 11. HP: 18/77 MP: 3/15
 10349 | D:11     | Found a staircase to the Orcish Mines.
 10465 | D:11     | Killed a tengu warrior
 10632 | D:11     | Received a gift from Okawaru
 10772 | Lair:1   | Entered Level 1 of the Lair of Beasts
 10830 | Lair:1   | Noticed Grum
 10843 | Lair:1   | Killed Grum
 11072 | Lair:1   | You fall through a shaft!
 11125 | Lair:2   | Reached skill level 1 in Armour
 11241 | Lair:2   | Found a staircase to the Swamp.
 11503 | Lair:2   | Found a labyrinth entrance.
 11806 | Lair:2   | Noticed Harold
 11823 | Lair:2   | Killed Harold
 11823 | Lair:2   | Reached ****** piety under Okawaru
 11823 | Lair:2   | Received a gift from Okawaru
 11823 | Lair:2   | Gained mutation: You regenerate magic rapidly. [demonic
                  | ancestry]
 11823 | Lair:2   | Reached XP level 12. HP: 77/88 MP: 16/18
 11824 | Lair:2   | Got a pair of bloodstained gloves {god gift}
 11835 | Lair:2   | Identified the +0 pair of gloves of the Moon {Regen+}
                  | (Okawaru gifted it to you on level 2 of the Lair of Beasts)
 12150 | Lair:3   | Noticed a seven-headed hydra
 12329 | Lair:3   | Reached skill level 5 in Fighting
 12329 | Lair:3   | Reached skill level 5 in Dodging
 12545 | Lair:3   | Noticed a four-headed hydra
 12560 | Lair:3   | Killed a four-headed hydra
 12709 | Lair:3   | Reached skill level 5 in Armour
 12815 | Lair:3   | Killed a seven-headed hydra
 13270 | Lair:4   | Found a frozen archway.
 13404 | IceCv    | Entered an ice cave
 13750 | IceCv    | Received a gift from Okawaru
 13784 | IceCv    | Got an encrusted cloak {god gift}
 13797 | IceCv    | Identified the -4 cloak of Minor Irritation {rC+ rN+ Regen+
                  | Dex+4} (Okawaru gifted it to you in an ice cave)
 14121 | IceCv    | Got a crude helmet
 14132 | IceCv    | Identified the cursed +0 helmet "Keilomigh" {*Corrode MR+++
                  | Slay-4 SInv} (You found it in an ice cave)
 14365 | Lair:4   | Found a staircase to the Snake Pit.
 14371 | Lair:4   | Reached XP level 13. HP: 84/102 MP: 17/19
 14483 | Lair:4   | Got a smoking amber ring
 14511 | Lair:4   | Identified the ring of Arphialae {rN+ Int+3} (You found it
                  | on level 4 of the Lair of Beasts)
 15409 | Snake:1  | Entered Level 1 of the Snake Pit
 15513 | Lair:5   | Reached skill level 1 in Shields
 15661 | Lair:5   | Found a viscous altar of Jiyva.
 15661 | Lair:5   | Found a staircase to the Slime Pits.
 15749 | Lair:5   | Received a gift from Okawaru
 16388 | Lair:6   | Entered Level 6 of the Lair of Beasts
 16711 | Lair:6   | Noticed a dire elephant
 16905 | Lair:6   | Received a gift from Okawaru
 17000 | Lair:6   | Received a gift from Okawaru
 17003 | Lair:6   | Got a spiked shield {god gift}
 17398 | Lair:6   | Killed a dire elephant
 17412 | Lair:6   | Gained mutation: When low on magic, you restore magic in
                  | place of health. [demonic ancestry]
 17412 | Lair:6   | Reached XP level 14. HP: 115/115 MP: 20/20
 17428 | Lair:6   | Paralysed by a hornet for 3 turns
 17456 | Lair:6   | Found the +9 staff of Wucad Mu {channel}
 17615 | Lair:6   | Identified the Incunabulum of Glacial Curses
 18539 | D:12     | Noticed Snorg
 18549 | D:12     | Killed Snorg
 18868 | D:12     | Received a gift from Okawaru
 18906 | D:12     | Reached skill level 10 in Fighting
 19460 | Orc:1    | Entered Level 1 of the Orcish Mines
 19540 | Orc:1    | HP: 3/117 [two-headed ogre/+0 giant club (10)]
 19541 | Orc:1    | Slain by an ogre mage

Vault maps used:
D:1:      dpeg_arrival_tiny_j, minmay_tetromino_l4
D:2:      cheibrodos_fertilizer, marbit_many_paths, nemelex_spade_bored_becter
D:3:      minmay_diamond_boxcup, grunt_temple_overflow_magic_moments,
          nicolae_overflow_hidden_temple, serial_bayou_lake_a, uniq_natasha
D:4:      lemuel_doored_altar, serial_shops, shop
D:5:      old_standard_altar, lemuel_temple_firewalk_b, first_ration,
          grunt_decor_resistance
D:6:      eat_drink_and_be_merry_uskayaw, corexii_item_surrounded_by_moat
D:7:      grunt_temple_overflow_order_and_chaos_2,
          grunt_temple_overflow_holy_war
D:8:      basic_altar, hangedman_ranch
D:9:      fedhas_altar_3
D:10:     lair_entry_dummy, minmay_misc_feat_iff, uniq_urug
D:11:     david_orc_4, enter_bailey_3, minmay_the_grid_2x2
D:12:     uniq_snorg
D:13:     david_vaults_4, minmay_misc_feat_encased,
          nicolae_straight_to_the_point, uniq_frances
Temple:   corrupted_temple
Lair:1:   grunt_megastairs_2, uniq_grum
Lair:2:   minmay_swamp_entry_eels, lab_entry_generic, serial_rivers,
          chequers_serial_rivers_marsh, chequers_serial_rivers_micro_e,
          chequers_serial_rivers_small_3, chequers_serial_rivers_marsh,
          chequers_serial_rivers_micro_e, chequers_serial_rivers_micro_e,
          lemuel_old_faithful, uniq_harold
Lair:4:   minmay_snake_entry_spellcaster, portal_ice_cave_entry_ice_beasts,
          grunt_megastairs_1, infiniplex_staircase_pool_2,
          minmay_lair_oklob_chamber
Lair:5:   dpeg_slime_entry_enclosed_altar
Lair:6:   gammafunk_lair_ancient_temple
Snake:1:  uniq_roxanne
Orc:1:    serial_shops, shop, chequers_guarded_unrand_ignorance
Bailey:   bailey_polearm_gnolls_kennysheep, bailey
IceCv:    ice_cave_tombish

Skill      XL: |  1  2  3  4  5  6  7  8  9 10 11 12 13 14 |
---------------+-------------------------------------------+-----
Polearms       | 3 4 5 6 7 9 11 13 14 | 14.0
Necromancy     | 5 8 |  8.0
Invocations    | 6 9 |  9.0
Armour         | 3 6 8 9 |  9.1
Dodging        | 4 7 9 |  9.9
Fighting       | 4 7 9 10 | 10.2
Shields        | 4 |  4.0
Throwing       | |  1.7

Action                   |  1- 3 |  4- 6 |  7- 9 | 10-12 | 13-15 || total
-------------------------+-------+-------+-------+-------+-------++-------
Melee: Trident           |   152 |   401 |   672 |  1437 |   804 ||  3466
       Kick              |       |       |       |   358 |   268 ||   626
       Punch             |       |       |       |     1 |       ||     1
Throw: Throwing net      |       |     4 |       |       |       ||     4
 Cast: Animate Skeleton  |       |       |       |    47 |    32 ||    79
Invok: Heroism           |       |       |       |     3 |       ||     3
Evoke: Wand              |       |       |     4 |    12 |       ||    16
  Use: Scroll            |     2 |     5 |     8 |    10 |     4 ||    29
 Stab: Held in net/web   |       |     1 |       |       |       ||     1
       Paralysed         |       |       |     4 |     5 |       ||     9
       Sleeping          |       |       |     1 |     1 |       ||     2
       Confused          |       |       |       |     5 |       ||     5
       Distracted        |       |       |       |     9 |     5 ||    14
       Petrified         |       |       |       |       |     2 ||     2
  Eat: Chunk             |     1 |     8 |    16 |    19 |    15 ||    59
       Ration            |       |       |       |     2 |     1 ||     3
Armor: Ring mail         |    45 |   145 |   104 |       |       ||   294
       Leather armour    |     2 |       |    52 |    47 |       ||   101
       Scale mail        |       |       |       |   348 |   250 ||   598
Dodge: Dodged            |   115 |   233 |   258 |   545 |   327 ||  1478
Block: Buckler           |       |       |       |       |   111 ||   111

Table legend:
 A = Non-vault XP
 B = Vault XP
 C = Vault XP percentage of total XP
 D = Non-vault monster count
 E = Vault monster count
 F = Vault count percentage of total count
                 A         B        C        D         E       F
            +---------+---------+-------+---------+---------+-------
      Total |   50550 |   27673 |  35.4 |     387 |     178 |  31.5
            +---------+---------+-------+---------+---------+-------
        D:1 |      47 |      12 |  20.3 |      27 |       6 |  18.2
        D:2 |     106 |     192 |  64.4 |      34 |      19 |  35.8
        D:3 |     161 |      61 |  27.5 |      31 |       8 |  20.5
        D:4 |     409 |       0 |   0.0 |      17 |       0 |   0.0
        D:5 |     719 |       0 |   0.0 |      27 |       0 |   0.0
        D:6 |     415 |       0 |   0.0 |      11 |       0 |   0.0
        D:7 |     334 |       0 |   0.0 |      13 |       0 |   0.0
        D:8 |     801 |    1123 |  58.4 |      13 |       6 |  31.6
        D:9 |     572 |       0 |   0.0 |      10 |       0 |   0.0
       D:10 |    1082 |    1091 |  50.2 |      14 |       3 |  17.6
       D:11 |    3283 |    3150 |  49.0 |      23 |      29 |  55.8
       D:12 |    5905 |    1038 |  15.0 |      31 |       1 |   3.1
       D:13 |    1899 |     205 |   9.7 |       4 |       1 |  20.0
     Lair:1 |    2481 |     584 |  19.1 |      11 |       4 |  26.7
     Lair:2 |    4016 |    1040 |  20.6 |      21 |       4 |  16.0
     Lair:3 |    8309 |       0 |   0.0 |      24 |       0 |   0.0
     Lair:4 |    3815 |    3805 |  49.9 |      18 |      19 |  51.4
     Lair:5 |    5545 |     743 |  11.8 |      21 |       3 |  12.5
     Lair:6 |    9951 |    9120 |  47.8 |      24 |      24 |  50.0
      Orc:1 |     700 |       0 |   0.0 |      13 |       0 |   0.0
     Bailey |       0 |    1016 | 100.0 |       0 |      30 | 100.0
      IceCv |       0 |    4493 | 100.0 |       0 |      21 | 100.0
            +---------+---------+-------+---------+---------+-------

Table legend:
 A = Turns spent in this place as a percentage of turns spent in the entire game.
 B = Non-inter-level travel turns spent in this place as a percentage of non-inter-level travel turns spent in the entire game.
 C = Inter-level travel turns spent in this place as a percentage of turns spent in this place.
 D = Turns resting spent in this place as a percentage of non-inter-level travel turns spent in this place.
 E = Turns spent auto-exploring this place as a percentage of non-inter-level travel turns spent in this place.
 F = Non-inter-level travel turns spent in this place divided by the number of levels of this place that you've seen.
                   A       B       C       D       E      F
               +-------+-------+-------+-------+-------+----------------------
         Total | 100.0 | 100.0 |   6.7 |   8.8 |  51.6 | 759.6
       Dungeon |  57.5 |  56.7 |   8.0 |   8.1 |  56.2 | 795.2
        Temple |   0.3 |   0.2 |  38.2 |   0.0 |  91.2 |  34.0
          Lair |  34.8 |  35.2 |   5.7 |   8.2 |  55.5 | 1068.0
     Snake Pit |   0.0 |   0.0 |   0.0 |   0.0 |   0.0 |   2.0
  Orcish Mines |   0.4 |   0.4 |   1.2 |   0.0 |   3.8 |  80.0
        Bailey |   3.0 |   3.3 |   0.0 |  13.1 |   0.0 | 596.0
      Ice Cave |   4.0 |   4.2 |   0.0 |  20.1 |   0.0 | 773.0
               +-------+-------+-------+-------+-------+----------------------

Table legend:
 A = Kills in this place as a percentage of kills in entire the game.
 B = Kills by you in this place as a percentage of kills by you in the entire game.
 C = Kills by friends in this place as a percentage of kills by friends in the entire game.
 D = Other kills in this place as a percentage of other kills in the entire game.
 E = Experience gained in this place as a percentage of experience gained in the entire game.
 F = Experience gained in this place divided by the number of levels of this place that you have seen.
                   A       B       C       D       E      F
               +-------+-------+-------+-------+-------+----------------------
         Total | 100.0 | 100.0 | 100.0 | 100.0 | 100.0 | 3259.3
       Dungeon |  58.1 |  61.3 |  17.9 |   0.0 |  28.9 | 1738.8
          Lair |  30.6 |  28.6 |  59.0 |   0.0 |  63.2 | 8234.8
  Orcish Mines |   2.3 |   2.5 |   0.0 |   0.0 |   0.9 | 700.0
        Bailey |   5.3 |   3.6 |  23.1 | 100.0 |   1.3 | 1016.0
      Ice Cave |   3.7 |   4.0 |   0.0 |   0.0 |   5.7 | 4493.0
               +-------+-------+-------+-------+-------+----------------------
